 Dungeon Crawl Stone Soup version 0.17-a0-2118-g63bad21 (webtiles) character file.

16 fredomojojo the Sneak (level 2, 0/13 HPs)
             Began as a Vine Stalker Enchanter on Oct 20, 2015.
             Succumbed to an adder's poison
             ... on level 1 of the Dungeon.
             The game lasted 00:14:20 (560 turns).

fredomojojo the Sneak (Vine Stalker Enchanter)       Turns: 560, Time: 00:14:20

Health: 0/13       AC:  3    Str: 10    XL:     2   Next: 58%
Magic:  1/6        EV: 12    Int: 15    God:
Gold:   17         SH:  0    Dex: 14    Spells: 2 memorised, 2 levels left

rFire  . . .     SeeInvis .     a - +1 dagger
rCold  . . .     Clarity  .     b - +1 robe
rNeg   . . .     SustAt   .     (no shield)
rPois  .         Gourm    .     (no helmet)
rElec  .         Spirit   +     (no cloak)
rCorr  .         Warding  .     (no gloves)
rMut   .         Rnd*Tele +     (no boots)
MR     .....                    (no amulet)
Stlth  +++.......               (no ring)
                                g - ring of teleportation

@: lethally poisoned (0 -> -4), not resistant to hostile enchantments, fairly
stealthy
A: fangs 2, regeneration 1, magic shield, antimagic bite, no device heal 3, rot
immunity
a: Evoke Teleportation


You were on level 1 of the Dungeon.
You were not hungry.

You visited 1 branch of the dungeon, and saw 2 of its levels.

You collected 17 gold pieces.

Inventory:

Hand Weapons
 a - a +1 dagger (weapon)
Missiles
 f - 25 stones (quivered)
Armour
 b - a +1 robe (worn)
Jewellery
 g - a ring of teleportation (left hand)
Scrolls
 h - a scroll of identify
Potions
 e - a potion of heal wounds
Books
 c - a book of Maledictions

   Spells                             Type                      Level
   a - Corona                         Hexes                        1
   b - Ensorcelled Hibernation        Hexes/Ice                    2
   c - Confuse                        Hexes                        3
   d - Tukima's Dance                 Hexes                        3
   e - Dazzling Spray                 Conjuration/Hexes            3
Comestibles
 d - a bread ration


   Skills:
 + Level 0.8 Short Blades
 + Level 1.7 Dodging
 + Level 4.1 Stealth
 + Level 2.3 Spellcasting
 + Level 3.2 Hexes


You had 2 spell levels left.
You knew the following spells:

 Your Spells              Type           Power        Failure   Level  Hunger
a - Corona                Hex            ##.....      8%          1    #......
b - Ensorcelled Hibernat  Hex/Ice        #.....       17%         2    ###....


Dungeon Overview and Level Annotations

Branches:
Dungeon (2/15)

Altars:

Annotations:
D:2 Sigmund


Innate Abilities, Weirdness & Mutations

You have extremely sharp teeth.
Your natural rate of healing is unusually fast.
When hurt, damage is shared between your health and your magic reserves.
Your bite disrupts and absorbs the magic of your enemies.
Potions and wands cannot restore your health.
You are immune to rotting.


Message History

You are lethally poisoned!
The adder poisons you!
You miss the adder. Your bite misses the adder.
The adder is moderately wounded.
* * * LOW HITPOINT WARNING * * *
You feel sick. The adder barely misses you.
You closely miss the adder. You bite the adder, but do no damage.
The adder is moderately wounded.
* * * LOW HITPOINT WARNING * * *
You feel sick. The adder barely misses you.
You hit the adder. Your bite misses the adder.
The adder is heavily wounded.
* * * LOW HITPOINT WARNING * * *
You feel sick. The adder misses you. The adder closely misses you.
You completely miss the adder. Your bite misses the adder.
The adder is heavily wounded.
The adder bites you.
You closely miss the adder. Your bite misses the adder.
The adder is heavily wounded.
You die...

#........................
#........................
#.................####...
#..............##.####...
##.....÷......##.....#...
##..........###.........
#####.....## #......... ##...).##
#......... #...@...# #.........
#..S....### .###..##.
###...÷#.#.#.##...###. ##
#............##.....).
.###########.....#...............
.................##......##......
♣♣♣..............##....####....^.
♣♣♣♣♣♣..................)......
♣♣♣♣♣♣..........####......


You could see an adder.

Vanquished Creatures
  A giant cockroach (D:1)
  2 goblins (D:1)
  3 hobgoblins (D:1)
  2 kobolds (D:1)
  2 bats (D:1)
  6 rats (D:1)
16 creatures vanquished.

Notes
Turn   | Place    | Note
--------------------------------------------------------------
     0 | D:1      | fredomojojo the Vine Stalker Enchanter began the quest for the Orb.
     0 | D:1      | Reached XP level 1. HP: 9/9 MP: 4/4
    85 | D:1      | Reached skill level 4 in Stealth
   103 | D:1      | Reached XP level 2. HP: 13/13 MP: 6/6
   274 | D:2      | Learned a level 2 spell: Ensorcelled Hibernation
   285 | D:2      | Noticed Sigmund
   560 | D:1      | Succumbed to an adder's poison

Vault maps used:
D:1:      kilobyte_arrival_exit_the_forest, hangedman_glass_teeth
D:2:      first_bread, st_stairs_11, uniq_sigmund

Action                   || total
-------------------------++-------
Melee: Dagger            ||    46
 Cast: Corona            ||     7
       Ensorcelled Hiber ||     1
  Use: Scroll            ||     3
 Stab: Sleeping          ||     2
